 Dungeon Crawl Stone Soup version 0.24-a0-580-g6a6c3f83c1 (webtiles) character file.

Game seed: 12782960028723081710

248191 GameOver the Devastator (level 20, -13/176 HPs)
             Began as a Naga Wizard on Aug 21, 2019.
             Was the Champion of Kikubaaqudgha.
             Killed from afar by a deep elf sorcerer (21 damage)
             ... with a bolt of acid
             ... on level 3 of the Elven Halls.
             The game lasted 06:10:29 (30509 turns).

GameOver the Devastator (Naga Wizard)              Turns: 30509, Time: 06:10:29

Health: -13/176    AC: 34    Str: 13    XL:     20   Next: 1%
Magic:  9/48       EV:  3    Int: 30    God:    Kikubaaqudgha [******]
Gold:   1463       SH: 13    Dex: 12    Spells: 12/49 levels left

rFire    + + +     SeeInvis +   w - +6 rapier of Righteous Fury {drain, *Corrode rPois rF+ Dex+2}
rCold    . . .     Gourm    .   B - +1 shield {rC+}
rNeg     . . .     Faith    .   N - +4 fire dragon scales of Ugryshry {rElec rF++ rC- rCorr Int+3}
rPois    +         Spirit   .   q - +0 mask of the Dragon {MR+ Slay+3 SInv}
rElec    +         Reflect  +   g - +0 cloak
rCorr    +         Harm     .   n - +2 pair of gloves
MR       ++++.                  v - +1 naga barding
Stlth    ++........             P - amulet of Uclyon {Reflect MR+ Str+3 SH+3}
HPRegen  0.39/turn              b - ring of magical power
MPRegen  0.31/turn              C - +6 ring of protection

@: very slightly contaminated, heavily drained, very slow
A: large, see invisible, deformed body, poison resistance, slowness 2, slow
metabolism 1, spit poison 1, constrict 1, AC +6
}: 1/15 runes: gossamer
a: Spit Poison, Receive Corpses, Torment, Renounce Religion


You were on level 3 of the Elven Halls.
You worshipped Kikubaaqudgha.
Kikubaaqudgha was exalted by your worship.
You were not hungry.

You visited 6 branches of the dungeon, and saw 31 of its levels.
You also visited: Gauntlet, Ice Cave and Volcano.

You collected 4143 gold pieces.
You spent 2680 gold pieces at shops.

Inventory:

Hand Weapons
 s - a +1 trident of flaming
 w - the +6 rapier of Righteous Fury (weapon) {drain, *Corrode rPois rF+ Dex+2}
   (You found it on level 6 of the Lair of Beasts)

   A truly terrible weapon, it drains the life of those it strikes.
   It affects your dexterity (+2).
   It protects you from fire.
   It protects you from poison.
   It may corrode you when you take damage.
Armour
 g - a +0 cloak (worn)
 n - a +2 pair of gloves (worn)
 o - the +1 helmet of Generosity {rF++ rN++ Str-4}
   (You found it on level 12 of the Dungeon)

   It affects your strength (-4).
   It greatly protects you from fire.
   It greatly protects you from negative energy.
 q - the +0 mask of the Dragon (worn) {MR+ Slay+3 SInv}
   (You found it in a Gauntlet)

   It affects your accuracy and damage with ranged weapons and melee attacks
   (+3).
   It affects your resistance to hostile enchantments.
   It lets you see invisible.
 v - a +1 naga barding (worn)
 B - a +1 shield of cold resistance (worn)
 E - the +0 leather armour of Wonder {rN+ Regen+}
   (You found it in a Gauntlet)

   It protects you from negative energy.
   It increases your rate of regeneration.
 N - the +4 fire dragon scales of Ugryshry (worn) {rElec rF++ rC- rCorr Int+3}
   (You found it on level 2 of the Elven Halls)

   It affects your intelligence (+3).
   It greatly protects you from fire.
   It makes you vulnerable to cold.
   It insulates you from electricity.
   It provides partial protection from all sources of acid and corrosion.
Magical Staves
 e - an uncursed staff of air
Jewellery
 b - a ring of magical power (left hand)
 l - an uncursed ring of resist corrosion
 C - a +6 ring of protection (right hand)
 G - an uncursed ring of protection from magic
 P - the amulet of Uclyon (around neck) {Reflect MR+ Str+3 SH+3}
   (You found it in an ice cave)

   [amulet of reflection]

   It shields you and reflects attacks.
   It affects your strength (+3).
   It affects your resistance to hostile enchantments.
   It affects your SH (+3).
 S - an uncursed amulet of the acrobat
 T - the ring "Eneimnur" {rC+ MR+ Dex+4 SInv}
   (You took it off a deep elf death mage on level 3 of the Elven Halls)

   [ring of dexterity]

   It affects your dexterity (+4).
   It protects you from cold.
   It affects your resistance to hostile enchantments.
   It lets you see invisible.
Wands
 a - a wand of disintegration (15)
 y - a wand of acid (13)
 M - a wand of iceblast (15)
 Q - a wand of random effects (18)
 R - a wand of scattershot (4)
 Y - a wand of digging (10)
Scrolls
 c - 9 scrolls of blinking
 f - 15 scrolls of remove curse
 j - 10 scrolls of teleportation
 k - 7 scrolls of fog
 t - 5 scrolls of fear
 u - 3 scrolls of amnesia
 x - 10 scrolls of identify
 z - a scroll of silence
 F - a scroll of enchant weapon
 O - 7 scrolls of magic mapping
 U - 3 scrolls of summoning
Potions
 h - 6 potions of flight
 i - 6 potions of magic
 m - 4 potions of cancellation
 p - 7 potions of haste
 r - 10 potions of curing
 D - a potion of invisibility
 H - 4 potions of ambrosia
 I - 4 potions of brilliance
 K - 2 potions of mutation
 L - 7 potions of heal wounds
 V - 2 potions of might
Miscellaneous
 A - a lightning rod (4/4)
Comestibles
 d - 42 rations
 J - 4 chunks of flesh


   Skills:
 - Level 10.0(7.4) Fighting
 - Level 6.0(3.7) Short Blades
 - Level 2.0(0.0) Polearms
 + Level 10.1(7.5) Armour
 - Level 1.5(0.0) Dodging
 - Level 9.0(6.4) Stealth
 - Level 9.0(6.4) Shields
 - Level 15.0(12.1) Spellcasting
 - Level 15.0(12.0) Conjurations
 - Level 3.1(0.9) Charms
   Level 1.0(0.0) Summonings
 - Level 9.0(6.4) Necromancy
 - Level 3.1(1.0) Translocations
 - Level 3.1(0.9) Fire Magic
 - Level 9.0(6.4) Ice Magic
 - Level 12.0(9.2) Air Magic
 - Level 6.2(3.9) Poison Magic


You had 12 spell levels left.
You knew the following spells:

 Your Spells              Type           Power        Failure   Level  Hunger
a - Freezing Cloud        Conj/Ice/Air   ######....   63%         6    ####...
b - Blink                 Tloc           N/A          24%         2    None
c - Dispel Undead         Necr           ######..     43%         5    ##.....
d - Mephitic Cloud        Conj/Pois/Air  ######..     2%          3    None
f - Conjure Flame         Conj/Fire      ######..     4%          3    None
p - Apportation           Tloc           ###...       16%         1    None
q - Animate Dead          Necr           N/A          17%         4    None
s - Lightning Bolt        Conj/Air       ######....   9%          5    ##.....
x - Regeneration          Chrm/Necr      #####.....   16%         3    None
A - Magic Dart            Conj           ####         1%          1    None
B - Swiftness             Chrm/Air       #####...     4%          2    None
X - Sublimation of Blood  Necr           ######....   2%          2    None

Your spell library contained the following spells:

 Spells                   Type           Power        Failure   Level  Hunger
 Animate Skeleton         Necr           N/A          1%          1    None
 Flame Tongue             Conj/Fire      #####        1%          1    None
 Pain                     Necr           ####         1%          1    None
 Corpse Rot               Necr           N/A          2%          2    None
 Throw Flame              Conj/Fire      ######       2%          2    None
 Vampiric Draining        Necr           ######....   4%          3    None
 Dazzling Spray           Conj/Hex       ######       6%          3    None
 Ensorcelled Hibernation  Hex/Ice        #####.       10%         2    None
 Infusion                 Chrm           ###.         16%         1    None
 Ozocubu's Armour         Chrm/Ice       #####...     16%         3    None
 Sticky Flame             Conj/Fire      ######..     17%         4    None
 Confusing Touch          Hex            ###...       24%         1    None
 Corona                   Hex            ###....      24%         1    None
 Sandblast                Erth           ###...       24%         1    None
 Summon Small Mammal      Summ           ###.         24%         1    None
 Shroud of Golubria       Chrm/Tloc      ###...       24%         2    None
 Song of Slaying          Chrm           ###.....     24%         2    None
 Call Imp                 Summ           ###.....     36%         2    None
 Slow                     Hex            ###.....     36%         2    None
 Ignite Poison            Fire/Tmut/Pois ####....     36%         3    None
 Gell's Gravitas          Tloc           ###.......   43%         3    None
 Agony                    Necr           ######..     43%         5    ##.....
 Fireball                 Conj/Fire      ######....   43%         5    ##.....
 Inner Flame              Hex/Fire       ###.....     52%         3    None
 Portal Projectile        Hex/Tloc       ###...       52%         3    None
 Spectral Weapon          Hex/Chrm       ###.....     52%         3    None
 Ice Form                 Ice/Tmut       #####...     54%         4    None
 Summon Ice Beast         Ice/Summ       #####...     54%         4    None
 Confuse                  Hex            ###.....     58%         3    None
 Summon Guardian Golem    Hex/Summ       ###.....     58%         3    None
 Tukima's Dance           Hex            ###.....     58%         3    None
 Borgnjor's Vile Clutch   Necr/Erth      #####.....   87%         5    ##.....
 Metabolic Englaciation   Hex/Ice        #####.....   87%         5    ##.....
 Cause Fear               Hex            ###.......   94%         4    None
 Leda's Liquefaction      Hex/Erth       ###.......   94%         4    None
 Petrify                  Tmut/Erth      ###.....     94%         4    None
 Bolt of Fire             Conj/Fire      ######....   95%         6    ####...
 Simulacrum               Ice/Necr       ######....   95%         6    ####...
 Summon Forest            Summ/Tloc      ###.......   99%         5    ##.....
 Deflect Missiles         Chrm/Air       #####.....   99%         6    ####...
 Aura of Abjuration       Summ           ###.......   100%        5    ##.....
 Lee's Rapid Deconstruct  Erth           ###.......   100%        5    ##.....
 Yara's Violent Unravell  Hex/Tmut       ###.......   100%        5    ##.....
 Haunt                    Necr/Summ      #####.....   100%        7    ######.
 Ring of Flames           Chrm/Fire      ###.......   100%        7    ######.
 Borgnjor's Revivificati  Necr           ######....   100%        8    #######
 Death's Door             Chrm/Necr      #####.....   100%        8    #######
 Ignition                 Fire           ###.......   100%        8    #######
 Infestation              Necr           ######....   100%        8    #######
 Necromutation            Tmut/Necr      #####.....   100%        8    #######


Dungeon Overview and Level Annotations

Branches:
Dungeon (15/15)            Temple (1/1) D:5            Lair (6/6) D:11
 Shoals (0/4) Lair:2       Spider (4/4) Lair:2        Slime (0/5) Lair:5
    Orc (2/2) D:11            Elf (3/3) Orc:2        Vaults (0/5) D:14
 Depths (0/5) D:15          IceCv (visited)         Volcano (visited)
Gauntlet (visited)

Altars:
Ashenzari
Cheibriados
Dithmenos
Elyvilon
Fedhas
Gozag
Hepliaklqana
Kikubaaqudgha
Makhleb
Nemelex Xobeh
Okawaru
Qazlal
Ru
Sif Muna
Trog
Uskayaw
Vehumet
Wu Jian
Xom
Yredelemnul
Zin
The Shining One
Beogh
Jiyva
Lugonu

Shops:
D:4 *   D:9 *   D:12 *   D:13 *   Orc:1 [   Orc:2 **([   Elf:2 *   Elf:3 *

Portals:
Trove: D:14 (give 8 potions of haste)

Annotations:
Elf:2 1 runed translucent door


Innate Abilities, Weirdness & Mutations

You cannot wear boots.
Your serpentine skin is tough. (AC +6)
You have supernaturally acute eyesight. (SInv)
Armour fits poorly on your strangely shaped body.
Your system is resistant to poisons. (rPois)
You cover ground very slowly.
You have a slow metabolism.
You can spit poison.
You can use your snake-like lower body to constrict enemies.


Message History

You miscast Blink.
Your skin tingles.
The deep elf sorcerer hits you but does no damage.
The deep elf elementalist is engulfed in noxious fumes.
The deep elf elementalist misses the deep elf sorcerer.
The deep elf death mage is engulfed in noxious fumes. x2
The deep elf death mage hits you with a +0 long sword.
* * * LOW HITPOINT WARNING * * *
The small abomination hits you but does no damage.
Unknown command.
Unknown command.
Casting: Blink (safe; 24% risk of failure)
Confirm with . or Enter, or press ? or * to list all spells.
You blink.
You are engulfed in freezing vapours.
* * * LOW HITPOINT WARNING * * *
Your skin stops crawling.
The deep elf elementalist is engulfed in noxious fumes.
The deep elf sorcerer points at you and mumbles some strange words.
The bolt of acid hits you!! You resist.
You die...
Kikubaaqudgha rasps: "You have failed me!
Welcome... death!"

###
#.).################
#)# #(# ##)##
##)))## ##....§##
##.x..).§##
##.xee§§§°§##
#..°e☼§@..§.#
#....°.#...§..#
#......###......#
.......°## ##.......
.......e○ .........
......○○. .........
......... .........
...#...... ...#.


You could see a deep elf death mage, a deep elf sorcerer, a deep elf
elementalist (confused) and 2 small abominations.

Vanquished Creatures
  Rupert (D:13)
  Jorgrun (Elf:2)
  2 deep elf blademasters (Elf:3)
  2 deep elf master archers (Elf:3)
  Agnes (Elf:2)
  6 ghost moths
  5 deep elf sorcerers (Elf:3)
  2 orc warlords (Orc:2)
  6 emperor scorpions
  7 deep elf elementalists (Elf:3)
  A stone giant (Orc:2)
  2 entropy weavers
  Nessos (Orc:2)
  The ghost of Thantalas the Earth Mage, a journeyman GrEE of Vehumet (Lair:6)
  Azrael (D:12)
  5 deep elf annihilators (Elf:3)
  7 deep elf demonologists
  2 spark wasps
  A dire elephant (Gauntlet)
  2 minotaurs
  A fire dragon (Lair:1)
  5 deep elf death magi
  2 deep elf high priests (Elf:3)
  A rakshasa (D:14)
  7 hydras
  2 ice dragons (IceCv)
  4 catoblepae
  3 centaur warriors
  The ghost of mopl the Fighter, a journeyman GrWn of Okawaru (Orc:1)
  28 dancing weapons
  13 two-headed ogres
  5 orc high priests (Orc:2)
  6 death yaks (Lair:6)
  A hell knight (Volcano)
  A small abomination (Elf:3)
  17 deep elf knights
  A wizard (D:15)
  2 unseen horrors (D:12)
  5 deep elf archers
  A necromancer (D:15)
  11 orb spiders
  6 orc knights
  14 wolf spiders
  6 orc sorcerers
  6 manticores
  4 oklob plants (Lair:4)
  3 moths of wrath (Spider:3)
  53 deep elf magi
  3 ugly things (D:11)
  7 cyclopes
  3 black mambas
  An ice statue (IceCv)
  11 elephants
  A torpor snail (Spider:4)
  A smoke demon (Volcano)
  7 gargoyles
  10 spiny frogs
  2 spiny frogs (shapeshifter)
  2 molten gargoyles (Volcano)
  A minotaur zombie (Gauntlet)
  2 kobold demonologists (D:15)
  11 komodo dragons
  2 freezing wraiths (D:15)
  5 rime drakes
  An efreet (D:13)
  6 demonic crawlers
  3 tengu conjurers
  A red devil (Volcano)
  3 meliai (Spider:4)
  26 jumping spiders
  A polar bear (Lair:4)
  7 hornets
  10 trolls
  A snapping turtle (Lair:2)
  2 slime creatures
  11 dream sheep
  9 hippogriffs
  A blink frog (Lair:4)
  A meliai zombie (D:15)
  2 vampires
  2 water elementals (Elf:3)
  Sigmund (D:5)
  41 redbacks
  2 air elementals
  2 shadows
  17 tarantellas
  A wyvern (D:14)
  7 fire elementals
  3 hogs (D:7)
  3 wraiths
  A human (D:7)
  2 basilisks
  84 yaks
  3 hungry ghosts
  7 fire bats (Volcano)
  3 wargs
  2 soldier ants
  11 water moccasins
  6 porcupines
  2 acid dragons (D:15)
  3 hell hounds (Volcano)
  Duvessa (D:7)
  43 orc warriors
  3 sky beasts
  19 ice beasts
  An eye of draining (D:15)
  2 phantoms
  18 ogres
  13 centaurs
  7 wolves
  5 crocodiles
  6 big kobolds
  3 earth elementals (Elf:2)
  21 bullfrogs
  2 gnoll sergeants (D:10)
  A wyvern zombie (D:6)
  A wyvern skeleton (D:10)
  Dowan (D:7)
  5 scorpions
  10 electric eels
  4 wights (D:8)
  2 howler monkeys
  3 lava snakes (Volcano)
  9 crimson imps
  3 quasits
  A bullfrog zombie (D:6)
  5 centaur zombies
  11 jellies
  8 hounds
  6 centaur skeletons
  29 orc priests
  A bullfrog skeleton (D:11)
  3 iguanas
  22 orc wizards
  3 polar bear simulacra (D:14)
  9 worker ants
  3 yak simulacra (D:14)
  4 worker ant zombies
  12 adders
  13 gnolls
  6 shadow imps
  14 oozes
  An adder skeleton (D:7)
  3 worms (D:3)
  3 dart slugs
  9 leopard geckos
  88 orcs
  11 bats
  7 giant cockroaches
  6 goblins
  6 hobgoblins
  21 kobolds
  5 quokkas
  2 ball pythons (D:1)
  4 frilled lizards
  A jackal skeleton (D:6)
  2 jackal zombies
  A leopard gecko skeleton (D:5)
  A leopard gecko zombie (D:6)
  6 rats
  5 river rat simulacra (D:14)
  2 crawling corpses (Elf:3)
  A fungus (Lair:4)
  3 plants
1143 creatures vanquished.

Vanquished Creatures (collateral kills)
  2 orb spiders (Spider:4)
  2 wolf spiders (Spider:4)
  2 demonic crawlers (Spider:4)
  3 jumping spiders (Spider:4)
  11 redbacks (Spider:4)
  4 tarantellas (Spider:4)
24 creatures vanquished.

Vanquished Creatures (others)
  2 deep elf knights
  A necromancer (D:14)
  A deep elf mage (Elf:1)
  4 dream sheep (Lair:3)
  A tarantella (Spider:4)
  A redback (Spider:1)
  2 lava snakes (Volcano)
  An orc (Orc:2)
  15 fungi
  13 plants
41 creatures vanquished.

Grand Total: 1208 creatures vanquished

Notes
Turn   | Place    | Note
-------+----------+-------------------------------------------
     0 | D:1      | GameOver the Naga Wizard began the quest for the Orb.
     0 | D:1      | Reached XP level 1. HP: 15/15 MP: 4/4
    65 | D:1      | Reached XP level 2. HP: 22/22 MP: 1/6
   250 | D:1      | Reached XP level 3. HP: 10/28 MP: 1/7
   254 | D:1      | Learned a level 2 spell: Blink
   258 | D:1      | Learned a level 3 spell: Mephitic Cloud
  1136 | D:2      | Found a snail-covered altar of Cheibriados.
  1329 | D:2      | Reached XP level 4. HP: 36/36 MP: 4/8
  1554 | D:3      | Found a blossoming altar of Fedhas.
  1776 | D:3      | Learned a level 3 spell: Conjure Flame
  1832 | D:3      | Reached XP level 5. HP: 38/42 MP: 7/9
  1908 | D:3      | Noticed a centaur
  1948 | D:3      | Killed a centaur
  1948 | D:3      | Reached skill level 5 in Conjurations
  1985 | D:3      | Found an opulent altar of Gozag.
  2278 | D:4      | Got a bloodstained leather armour
  2322 | D:4      | Reached XP level 6. HP: 49/49 MP: 7/10
  2330 | D:4      | Learned a level 1 spell: Apportation
  2356 | D:4      | Found a hazy altar of Hepliaklqana.
  2364 | D:4      | Reached skill level 1 in Poison Magic
  2447 | D:4      | Found Igufar's Elemental Accessories.
  2483 | D:4      | Reached XP level 7. HP: 55/55 MP: 6/12
  2580 | D:4      | Reached skill level 5 in Stealth
  3205 | D:5      | Entered Level 5 of the Dungeon
  3282 | D:5      | Reached XP level 8. HP: 62/62 MP: 9/14
  3290 | D:5      | Found a staircase to the Ecumenical Temple.
  3304 | Temple   | Entered the Ecumenical Temple
  3496 | D:5      | Reached skill level 5 in Poison Magic
  3533 | D:5      | Reached skill level 5 in Spellcasting
  3696 | D:5      | Noticed Sigmund
  3703 | D:5      | Killed Sigmund
  3979 | D:6      | Found a stormy altar of Qazlal.
  4013 | D:6      | Reached skill level 1 in Fire Magic
  4032 | D:6      | Identified Ylingemetha's Incunabulum of Aid and Lightness
  4105 | D:6      | Found a basalt altar of Yredelemnul.
  4112 | D:6      | Found a glowing golden altar of the Shining One.
  4141 | D:6      | Noticed a profane servitor
  4204 | D:6      | Found an ancient bone altar of Kikubaaqudgha.
  4211 | D:6      | Became a worshipper of Kikubaaqudgha
  4517 | D:6      | Noticed an angel
  4558 | D:7      | Reached skill level 1 in Air Magic
  4563 | D:7      | Noticed Duvessa
  4658 | D:7      | Noticed Dowan
  4672 | D:7      | Reached XP level 9. HP: 62/68 MP: 12/18
  4674 | D:7      | Killed Dowan
  4676 | D:7      | Killed Duvessa
  4748 | D:7      | Learned a level 2 spell: Swiftness
  4811 | D:7      | Found a shattered altar of Ashenzari.
  4812 | D:7      | Found a shimmering altar of Xom.
  4931 | D:7      | Reached skill level 1 in Charms
  4999 | D:7      | Found a white marble altar of Elyvilon.
  5029 | D:7      | Reached * piety under Kikubaaqudgha
  5029 | D:7      | Identified Kikubaaqudgha's Volume of Evil (Kikubaaqudgha
                  | gifted it to you on level 7 of the Dungeon)
  5029 | D:7      | Received a gift from Kikubaaqudgha
  5224 | D:8      | Found a sparkling altar of Nemelex Xobeh.
  5368 | D:8      | Learned a level 5 spell: Lightning Bolt
  5384 | D:8      | Found a radiant altar of Vehumet.
  5420 | D:8      | Found a burning altar of Makhleb.
  5463 | D:8      | Reached XP level 10. HP: 66/75 MP: 11/20
  5481 | D:8      | Identified the +1 leather armour of Xurulaot {Regen+} (You
                  | found it on level 4 of the Dungeon)
  5837 | D:8      | Reached skill level 1 in Armour
  6082 | D:9      | Reached skill level 5 in Air Magic
  6238 | D:9      | Reached ** piety under Kikubaaqudgha
  6264 | D:9      | Found Cuyrae Zyvei's Assorted Antiques.
  6270 | D:9      | Bought a scroll labeled NUPATR KYNI for 19 gold pieces
  6371 | D:9      | Noticed a cyclops
  6436 | D:9      | Killed a cyclops
  6619 | D:10     | Entered Level 10 of the Dungeon
  6922 | D:10     | Noticed a two-headed ogre
  6931 | D:10     | Killed a two-headed ogre
  7364 | D:10     | Noticed a gargoyle
  7369 | D:10     | Killed a gargoyle
  7403 | D:10     | Noticed a gargoyle
  7408 | D:10     | Killed a gargoyle
  7412 | D:10     | Reached XP level 11. HP: 72/81 MP: 17/22
  7575 | D:10     | Noticed a two-headed ogre
  7590 | D:10     | Killed a two-headed ogre
  7712 | D:11     | Found a staircase to the Orcish Mines.
  7932 | D:11     | Reached *** piety under Kikubaaqudgha
  7932 | D:11     | Identified Kikubaaqudgha's Incunabulum of Black Secrets
                  | (Kikubaaqudgha gifted it to you on level 11 of the Dungeon)
  7932 | D:11     | Received a gift from Kikubaaqudgha
  8297 | D:11     | Noticed a cyan ugly thing
  8340 | D:11     | Killed a cyan ugly thing
  8362 | D:11     | Noticed a purple ugly thing
  8362 | D:11     | Noticed a brown ugly thing
  8380 | D:11     | Killed a purple ugly thing
  8382 | D:11     | Killed a white ugly thing
  8485 | D:11     | Reached skill level 5 in Armour
  8621 | D:11     | Reached **** piety under Kikubaaqudgha
  8651 | D:11     | Found a staircase to the Lair.
  8941 | Lair:1   | Entered Level 1 of the Lair of Beasts
  8946 | Lair:1   | Learned a level 3 spell: Regeneration
  8949 | Lair:1   | Learned a level 2 spell: Sublimation of Blood
  8955 | Lair:1   | Learned a level 5 spell: Dispel Undead
  8983 | Lair:1   | Noticed a fire dragon
  9067 | Lair:1   | Reached skill level 1 in Necromancy
  9383 | Lair:1   | Reached XP level 12. HP: 77/88 MP: 22/25
  9876 | Lair:2   | Found a staircase to the Shoals.
 10147 | Lair:2   | Noticed an eight-headed hydra
 10163 | Lair:2   | Killed an eight-headed hydra
 10218 | Lair:2   | Found a hole to the Spider Nest.
 10649 | Lair:1   | Killed a fire dragon
 10934 | Lair:3   | Reached skill level 5 in Necromancy
 11403 | Lair:3   | Noticed a four-headed hydra
 11413 | Lair:3   | Noticed a four-headed hydra
 11488 | Lair:3   | Reached skill level 10 in Spellcasting
 11546 | Lair:3   | Killed a four-headed hydra
 11668 | Lair:3   | Killed a four-headed hydra
 11758 | Lair:3   | Found a shimmering altar of Xom.
 12310 | Lair:4   | Gained mutation: You can use your snake-like lower body to
                  | constrict enemies. [Naga growth]
 12310 | Lair:4   | Reached XP level 13. HP: 60/94 MP: 9/27
 12351 | Lair:4   | Reached ***** piety under Kikubaaqudgha
 12983 | Lair:4   | You fall into a shaft and drop 2 floors!
 12983 | Lair:6   | Entered Level 6 of the Lair of Beasts
 13042 | Lair:6   | Found a runed translucent gate.
 13043 | Lair:6   | Found a runed translucent gate.
 13043 | Lair:6   | Found a runed translucent gate.
 13043 | Lair:6   | Noticed a minotaur
 13415 | Lair:5   | Reached skill level 1 in Fighting
 13649 | Lair:5   | Found a dark tunnel.
 13654 | Volcano  | Entered a volcano
 13712 | Volcano  | Reached skill level 5 in Fighting
 13853 | Volcano  | Reached XP level 14. HP: 98/118 MP: 20/30
 13869 | Volcano  | Found a radiant altar of Vehumet.
 13903 | Volcano  | Reached skill level 1 in Shields
 13917 | Volcano  | Reached skill level 1 in Polearms
 14134 | Lair:4   | Reached ****** piety under Kikubaaqudgha
 14134 | Lair:4   | Reached skill level 1 in Short Blades
 14601 | Lair:5   | Found a runed translucent door.
 14601 | Lair:5   | Found a viscous altar of Jiyva.
 14601 | Lair:5   | Found a staircase to the Slime Pits.
 15423 | Lair:6   | Reached skill level 5 in Shields
 15445 | Lair:6   | Found the +8 longbow "Zephyr" {speed, Dex+3 SInv}
 15486 | Lair:6   | Got a dazzling rapier
 15487 | Lair:6   | Identified the +6 rapier of Righteous Fury {drain, *Corrode
                  | rPois rF+ Dex+2} (You found it on level 6 of the Lair of
                  | Beasts)
 15776 | Lair:6   | Noticed Thantalas's ghost (journeyman GrEE)
 16023 | Lair:6   | Killed Thantalas's ghost
 16336 | D:6      | Received a gift from Kikubaaqudgha
 16469 | D:12     | Noticed Azrael
 16614 | D:12     | Found Utika's General Store.
 16624 | D:12     | You fall into a shaft and drop 1 floor!
 16716 | D:12     | Found a gate leading to a gauntlet.
 16721 | Gauntlet | Entered a Gauntlet
 16721 | Gauntlet | Found a transporter.
 16725 | Gauntlet | Found a transporter.
 16726 | Gauntlet | Found a transporter.
 16740 | Gauntlet | Found a transporter.
 16742 | Gauntlet | Found a transporter.
 16744 | Gauntlet | Noticed a dire elephant
 16752 | Gauntlet | Found a transporter.
 16753 | Gauntlet | Found the +0 mask of the Dragon {MR+ Slay+3 SInv}
 16768 | Gauntlet | Found a transporter.
 16793 | Gauntlet | Found a transporter.
 16797 | Gauntlet | Found a transporter.
 16800 | Gauntlet | Found a transporter.
 16808 | Gauntlet | Found a transporter.
 16811 | Gauntlet | Found a transporter.
 16832 | Gauntlet | Found a transporter.
 16846 | Gauntlet | Found a transporter.
 16849 | Gauntlet | Found a runed translucent door.
 17011 | Gauntlet | Killed a dire elephant
 17071 | Gauntlet | Reached XP level 15. HP: 119/134 MP: 18/31
 17095 | Gauntlet | Identified Sif Muna's Handbook of Clay
 17097 | Gauntlet | Got a steaming great sword
 17097 | Gauntlet | Got a distressingly furry leather armour
 17103 | Gauntlet | Identified the +2 great sword of Pain and Death {slice, rC-
                  | rN+ Str+3 Stlth+} (You found it in a Gauntlet)
 17115 | Gauntlet | Identified the cursed +0 leather armour of Wonder {rN+
                  | Regen+} (You found it in a Gauntlet)
 17130 | Gauntlet | Reached XP level 16. HP: 141/141 MP: 32/32
 17285 | D:12     | Killed Azrael
 17447 | D:12     | Got an ancient helmet
 17475 | D:12     | Identified the +1 helmet of Generosity {rF++ rN++ Str-4}
                  | (You found it on level 12 of the Dungeon)
 17711 | D:12     | Bought a scroll of teleportation for 48 gold pieces
 17711 | D:12     | Bought a scroll of enchant weapon for 120 gold pieces
 17711 | D:12     | Bought a +1 shield of cold resistance for 264 gold pieces
 18000 | Orc:1    | Entered Level 1 of the Orcish Mines
 18000 | Orc:1    | Found a roughly hewn altar of Beogh.
 18089 | Orc:1    | Noticed mopl's ghost (journeyman GrWn)
 18090 | Orc:1    | Found a transporter.
 18093 | Orc:1    | Identified the +11 dire flail "Lytosupt" {drain, rPois
                  | Int+3}
 18104 | Orc:1    | Found a transporter.
 18122 | Orc:1    | Killed mopl's ghost
 18429 | Orc:2    | Entered Level 2 of the Orcish Mines
 18434 | Orc:2    | Noticed Nessos
 18452 | Orc:2    | Killed Nessos
 18736 | Orc:1    | Reached skill level 10 in Conjurations
 18856 | Orc:1    | Found Ceytem's Armour Shoppe.
 18984 | Orc:2    | Reached skill level 10 in Air Magic
 19004 | Orc:2    | Found a roughly hewn altar of Beogh.
 19030 | Orc:2    | Found Nidghomu's Antique Armour Emporium.
 19080 | Orc:2    | Bought a twisted leather armour for 245 gold pieces
 19091 | Orc:2    | Identified the +3 leather armour of Fortification {Stlth+}
                  | (You bought it in a shop on level 2 of the Orcish Mines)
 19140 | Orc:2    | Found Ollytote's Antique Weapon Shoppe.
 19537 | Orc:2    | Found a staircase to the Elven Halls.
 19889 | Orc:2    | Found Gaen's General Store.
 19904 | Orc:2    | Bought a scroll of teleportation for 39 gold pieces
 19904 | Orc:2    | Bought a +0 naga barding for 299 gold pieces
 19925 | Orc:2    | Found a roughly hewn altar of Beogh.
 19934 | Orc:2    | Reached skill level 5 in Short Blades
 19981 | Orc:2    | Found Olufia Jofog's Assorted Antiques.
 19991 | Orc:2    | Bought 2 potions of curing for 108 gold pieces
 19991 | Orc:2    | Bought a scroll of blinking for 135 gold pieces
 19991 | Orc:2    | Bought a potion of brilliance for 72 gold pieces
 19991 | Orc:2    | Bought a scroll labeled YPNEIRY CYTEGU for 18 gold pieces
 19991 | Orc:2    | Bought a scroll of identify for 36 gold pieces
 19991 | Orc:2    | Bought a potion of magic for 144 gold pieces
 19991 | Orc:2    | Bought a scroll of enchant armour for 135 gold pieces
 20395 | D:13     | Found Waum's General Store.
 20472 | D:13     | Noticed Rupert
 20489 | D:13     | Killed Rupert
 20489 | D:13     | Reached skill level 10 in Fighting
 20811 | D:14     | Found a portal to a secret trove of treasure.
 21062 | D:14     | Found a gate to the Vaults.
 21249 | D:14     | Reached XP level 17. HP: 153/153 MP: 15/33
 21549 | D:15     | Entered Level 15 of the Dungeon
 21676 | D:15     | Found a frozen archway.
 21860 | IceCv    | Entered an ice cave
 22084 | IceCv    | Got an ancient emerald amulet
 22090 | IceCv    | Identified the amulet of Uclyon {Reflect MR+ Str+3 SH+3}
                  | (You found it in an ice cave)
 22456 | D:15     | Found a staircase to the Depths.
 23123 | D:4      | Bought the Incunabulum of the Glacier for 492 gold pieces
 23130 | D:4      | Learned a level 6 spell: Freezing Cloud
 23357 | Lair:2   | Identified a scroll of acquirement
 23406 | Spider:1 | Entered Level 1 of the Spider Nest
 23440 | Lair:2   | Reached skill level 1 in Ice Magic
 24457 | Spider:2 | Reached skill level 5 in Ice Magic
 25403 | Spider:4 | Entered Level 4 of the Spider Nest
 25615 | Spider:4 | Reached XP level 18. HP: 148/160 MP: 16/34
 25782 | Spider:4 | Learned a level 4 spell: Animate Dead
 26670 | Spider:4 | Got a gossamer rune of Zot
 26991 | Elf:1    | Entered Level 1 of the Elven Halls
 27186 | Elf:1    | You fall into a shaft and drop 1 floor!
 27230 | Elf:2    | Found a large runed translucent door.
 27230 | Elf:2    | Found a large runed translucent door.
 27238 | Elf:2    | Found a large runed translucent door.
 27355 | Elf:2    | Found Adetuxir's General Store.
 27361 | Elf:2    | Bought a scroll of enchant weapon for 105 gold pieces
 27361 | Elf:2    | Bought a scroll of teleportation for 42 gold pieces
 27361 | Elf:2    | Bought a scroll of magic mapping for 49 gold pieces
 28132 | Elf:1    | Identified the Disquisition on Calling
 28675 | Elf:2    | Reached skill level 15 in Conjurations
 28677 | Elf:2    | Found a large runed translucent door.
 28806 | Elf:2    | Got ancient fire dragon scales
 28817 | Elf:2    | Identified the +4 fire dragon scales of Ugryshry {rElec
                  | rF++ rC- rCorr Int+3} (You found it on level 2 of the Elven
                  | Halls)
 29019 | Elf:2    | Noticed Agnes
 29021 | Elf:2    | Noticed Jorgrun
 29032 | Elf:2    | Killed Jorgrun
 29032 | Elf:2    | Reached XP level 19. HP: 140/168 MP: 32/36
 29035 | Elf:2    | Killed Agnes
 29434 | Elf:3    | Entered Level 3 of the Elven Halls
 29856 | Elf:3    | Found Mitsomom's Assorted Antiques.
 29864 | Elf:3    | Bought a scroll of amnesia for 94 gold pieces
 29864 | Elf:3    | Bought a potion of heal wounds for 135 gold pieces
 29864 | Elf:3    | Bought a scroll of teleportation for 81 gold pieces
 30140 | Elf:3    | Noticed a Brimstone Fiend
 30163 | Elf:3    | Reached skill level 15 in Spellcasting
 30259 | Elf:3    | Identified the ring "Eneimnur" {rC+ MR+ Dex+4 SInv}
 30489 | Elf:3    | Reached skill level 10 in Armour
 30492 | Elf:3    | Reached XP level 20. HP: 132/176 MP: 25/39
 30495 | Elf:3    | Identified the cursed ring "Cealuvi" {-Tele rPois Str+4
                  | Int-3}
 30509 | Elf:3    | HP: 7/176 [cloud of freezing vapour (14)]
 30509 | Elf:3    | Killed from afar by a deep elf sorcerer

Levels and vault maps discovered:
D:1:      lightli_arrival_farm, layout_basic, serial_aquarium,
          aquarium_bridge_long_separate [aquarium_subvault_bridge,
          aquarium_subvault_window, aquarium_subvault_bridge,
          aquarium_subvault_bridge, aquarium_subvault_wall,
          aquarium_subvault_bridge], aquarium_window_corridor_1,
          aquarium_window_fake, aquarium_window_2, aquarium_view_2c,
          aquarium_pool_side, minmay_splitting_lines
D:2:      layout_basic, kennysheep_slug_shrine, first_ration
D:3:      layout_basic, fedhas_ov_isle_minmay, nicolae_gozag_seed_capital,
          serial_park_tiny_2
D:4:      layout_cave_pods, old_standard_altar, serial_column_ruins,
          column_ruins_hut, column_ruins_open_tiny, column_ruins_open_medium,
          column_ruins_open_tiny, column_ruins_columns_corner,
          column_ruins_columns_straight, nicolae_elemental_shop,
          kennysheep_generic_room_11
D:5:      layout_rooms, minmay_temple_entry_slanted, uniq_sigmund
D:6:      layout_loops_ring, grunt_temple_overflow_holy_war,
          nicolae_overflow_hidden_temple, nicolae_overflow_crystal_walls
D:7:      layout_rooms, overflow_temple_1_default,
          gammafunk_temple_overflow_statue, serial_corexii_hall,
          chequers_hall_statues_y, corexii_hall_statues_l, grunt_livestock,
          uniq_duvessa
D:8:      layout_loops_cross, nemelex_xobeh_ov_fountains_minmay,
          lemuel_round_altar, fiery_altar_vehumet
D:9:      layout_cave_pools, minmay_shop_grid_forest
D:10:     layout_stronghold
D:11:     layout_loops_ring, erik_lair_island, orc_0_dummy
D:12:     kennysheep_blocky_room, layout_basic, gauntlet_entry_generic,
          serial_shops, shop, uniq_azrael
D:13:     layout_rooms, serial_shops, shop_statue, drop_trap,
          wad_floor_pattern_untrapped, uniq_rupert
D:14:     layout_long_grid, erik_vaults_1, nicolae_trove_entry_diagonal,
          serial_glass, glass_columns_c, glass_columns_b, glass_columns_c,
          glass_columns_a, glass_columns_b, glass_columns_a,
          minmay_strange_pillars, eino_house_with_fridge
D:15:     grunt_enter_depths_magical_seal, layout_long_grid,
          portal_ice_cave_entry_pillars_1, minmay_crystal_room
Temple:   corrupted_temple
Lair:1:   dragon1_lemuel, layout_misc_corridors, lemuel_fruit_tree
Lair:2:   layout_big_grid, minmay_shoals_entry_hut, spider_nest_entry_rubble,
          serial_bayou_shore_a
Lair:3:   layout_cave_pods, grunt_forest_small_clearings,
          grunt_forest_stairs_basic, kb_xom_exploding_sheep
Lair:4:   layout_regular_city, lemuel_fruit_fields, grunt_megastairs_5,
          minmay_lair_oklob_chamber
Lair:5:   lemuel_slime, layout_regular_city, slime_altar_2, enter_volcano_1
Lair:6:   evilmike_catoblepas_cave, layout_long_grid,
          maelrawn_ghost_gauntlet_escape
Spider:1: layout_spider_delve, nicolae_spider_webbed_stairs
Spider:2: layout_spider_delve
Spider:3: layout_spider_delve, nicolae_spider_webs_and_nodes
Spider:4: grunt_spider_rune_parallel
Orc:1:    layout_diamond_mine, serial_shops, shop, basic_altar,
          gammafunk_ghost_smash
Orc:2:    pubby_orc_utopia, serial_shops, uniq_nessos
Elf:1:    layout_rooms, minmay_elf_demonology, billiards_dpeg
Elf:2:    layout_onion_city, serial_shops, shop_fountains, uniq_jorgrun,
          uniq_agnes
Elf:3:    minmay_elf_hall_four_x, layout_loops_cross, serial_shops,
          nicolae_shop_stone

Skill      XL: |  1  2  3  4  5  6  7  8  9 10 11 12 13 14 15 16 17 18 19 |
---------------+----------------------------------------------------------+-----
Conjurations   | 2 3 4 5 6 7 8 9 11 12 15 | 15.0
Poison Magic   | 2 4 6 |  6.2
Stealth        | 4 6 9 |  9.0
Spellcasting   | 4 6 7 9 10 12 13 15 | 15.0
Fire Magic     | 1 3 |  3.1
Air Magic      | 2 4 6 8 9 11 12 | 12.0
Translocations | 2 3 |  3.1
Charms         | 3 |  3.1
Armour         | 3 5 6 10 | 10.1
Necromancy     | 2 7 9 |  9.0
Fighting       | 5 8 10 | 10.0
Shields        | 6 8 9 |  9.0
Polearms       | 2 |  2.0
Short Blades   | 2 6 |  6.0
Ice Magic      | 6 9 |  9.0
Dodging        | |  1.5
Summonings     | |  1.0

Action                   |  1- 3 |  4- 6 |  7- 9 | 10-12 | 13-15 | 16-18 | 19-21 || total
-------------------------+-------+-------+-------+-------+-------+-------+-------++-------
Melee: Club              |     2 |       |       |       |       |       |       ||     2
       Spear             |       |    13 |    94 |   396 |   319 |       |       ||   822
       Rapier            |       |       |    90 |   148 |   216 |  1449 |   203 ||  2106
       Trident           |       |       |    79 |   221 |    44 |    42 |       ||   386
       Dagger            |       |       |       |     6 |       |       |       ||     6
       Constrict         |       |       |       |       |   104 |   300 |    38 ||   442
       Staff             |       |       |       |       |     2 |       |     2 ||     4
 Cast: Magic Dart        |    43 |    48 |    93 |   107 |    21 |     9 |     1 ||   322
       Mephitic Cloud    |       |     2 |    19 |    63 |    58 |   149 |    23 ||   314
       Conjure Flame     |       |       |    16 |    62 |    47 |    69 |    11 ||   205
       Blink             |       |       |     5 |    17 |    10 |    43 |    11 ||    86
       Lightning Bolt    |       |       |       |    29 |    44 |    96 |    12 ||   181
       Swiftness         |       |       |       |     4 |     7 |     3 |     2 ||    16
       Sublimation of Bl |       |       |       |       |    63 |    96 |    28 ||   187
       Regeneration      |       |       |       |       |    69 |   176 |    48 ||   293
       Dispel Undead     |       |       |       |       |     2 |    11 |       ||    13
       Apportation       |       |       |       |       |       |     2 |       ||     2
       Freezing Cloud    |       |       |       |       |       |    14 |    31 ||    45
       Animate Dead      |       |       |       |       |       |     7 |     1 ||     8
Invok: Receive Necronomi |       |       |       |       |     1 |       |       ||     1
       Receive Corpses   |       |       |       |       |       |     3 |       ||     3
 Abil: Spit Poison       |    29 |    40 |    78 |   133 |    92 |   243 |    34 ||   649
Evoke: Wand              |       |       |       |     8 |     3 |     7 |     8 ||    26
       Phantom mirror    |       |       |       |     1 |       |       |       ||     1
       Lightning rod     |       |       |       |       |       |       |     1 ||     1
  Use: Scroll            |       |     1 |     7 |    15 |    11 |    14 |     2 ||    50
       Potion            |       |       |       |     7 |     7 |    10 |     1 ||    25
 Stab: Confused          |       |     1 |     6 |    29 |    29 |    61 |     5 ||   131
       Sleeping          |       |       |     2 |     1 |     1 |    17 |     2 ||    23
       Distracted        |       |       |       |       |       |     5 |       ||     5
  Eat: Chunk             |     2 |     6 |    16 |    28 |    27 |    56 |    16 ||   151
       Ration            |       |       |       |     1 |     1 |     5 |       ||     7
Armor: Robe              |       |     3 |    72 |       |       |       |       ||    75
       Leather armour    |       |       |       |   103 |       |   813 |    72 ||   988
       Troll leather arm |       |       |       |   137 |   385 |       |       ||   522
       Skin              |       |       |       |    18 |       |       |       ||    18
       Fire dragon scale |       |       |       |       |       |       |    18 ||    18
Dodge: Dodged            |     1 |    11 |    68 |   179 |   284 |   390 |    32 ||   965
Block: Shield            |       |       |       |       |    23 |   953 |   118 ||  1094
       Reflection        |       |       |       |       |       |    13 |     6 ||    19

Table legend:
 A = Non-vault XP
 B = Vault XP
 C = Vault XP percentage of total XP
 D = Non-vault monster count
 E = Vault monster count
 F = Vault count percentage of total count
                 A         B        C        D         E       F
            +---------+---------+-------+---------+---------+-------
      Total |  175990 |  182049 |  50.8 |     728 |     441 |  37.7
            +---------+---------+-------+---------+---------+-------
        D:1 |      56 |       0 |   0.0 |      29 |       0 |   0.0
        D:2 |      34 |       4 |  10.5 |       7 |       1 |  12.5
        D:3 |     203 |       0 |   0.0 |      29 |       0 |   0.0
        D:4 |     739 |       0 |   0.0 |      24 |       0 |   0.0
        D:5 |     489 |     227 |  31.7 |      16 |       1 |   5.9
        D:6 |     506 |       0 |   0.0 |      15 |       0 |   0.0
        D:7 |     825 |    1044 |  55.9 |      18 |       7 |  28.0
        D:8 |     978 |       0 |   0.0 |      20 |       0 |   0.0
        D:9 |    1364 |       0 |   0.0 |      12 |       0 |   0.0
       D:10 |    3674 |       0 |   0.0 |      28 |       0 |   0.0
       D:11 |    5794 |     702 |  10.8 |      52 |       8 |  13.3
       D:12 |    2989 |    5502 |  64.8 |      17 |      12 |  41.4
       D:13 |    1587 |    2918 |  64.8 |       8 |       1 |  11.1
       D:14 |    9517 |    2375 |  20.0 |      37 |      14 |  27.5
       D:15 |   10470 |    4690 |  30.9 |      38 |       9 |  19.1
     Lair:1 |    2739 |    1025 |  27.2 |      13 |       1 |   7.1
     Lair:2 |    7430 |     575 |   7.2 |      18 |       2 |  10.0
     Lair:3 |    6433 |     162 |   2.5 |      22 |       1 |   4.3
     Lair:4 |    5554 |    4978 |  47.3 |      31 |      19 |  38.0
     Lair:5 |   10138 |     753 |   6.9 |      38 |      23 |  37.7
     Lair:6 |    8524 |   15046 |  63.8 |      27 |      28 |  50.9
   Spider:1 |   12970 |       0 |   0.0 |      30 |       0 |   0.0
   Spider:2 |    6071 |       0 |   0.0 |      19 |       0 |   0.0
   Spider:3 |    9300 |       0 |   0.0 |      25 |       0 |   0.0
   Spider:4 |   13313 |   20634 |  60.8 |      41 |      47 |  53.4
      Orc:1 |    3405 |    3228 |  48.7 |      32 |       5 |  13.5
      Orc:2 |     764 |   25219 |  97.1 |       1 |     144 |  99.3
      Elf:1 |   17146 |    6511 |  27.5 |      29 |      12 |  29.3
      Elf:2 |   13176 |   23046 |  63.6 |      23 |      25 |  52.1
      Elf:3 |   19278 |   48799 |  71.7 |      28 |      32 |  53.3
      IceCv |       0 |    4947 | 100.0 |       0 |      19 | 100.0
    Volcano |       0 |    4121 | 100.0 |       0 |      20 | 100.0
   Gauntlet |     524 |    5543 |  91.4 |       1 |      10 |  90.9
            +---------+---------+-------+---------+---------+-------
